 Dungeon Crawl Stone Soup version 0.30-a0-23-ge60ba3568b (webtiles) character file.

Game seed: 10018660929913759173

1001 SensoryNuts the Cleaver (level 8, -2/68 HPs)
             Began as a Minotaur Fighter on Aug 24, 2022.
             Slain by a yak (14 damage)
             ... on level 5 of the Dungeon.
             The game lasted 00:04:36 (3911 turns).

SensoryNuts the Cleaver (Minotaur Fighter)          Turns: 3911, Time: 00:04:36

Health: -2/68      AC:  9    Str: 20    XL:     8   Next: 0%
Magic:  7/7        EV: 10    Int:  5    God:
Gold:   270        SH:  5    Dex: 13    Spells: 7/7 levels left

rFire   . . .      SeeInvis .    a - +1 war axe
rCold   . . .      Faith    .    c - +0 buckler
rNeg    . . .      Spirit   .    b - +0 scale mail
rPois   +          Reflect  .    (helmet restricted)
rElec   .          Harm     .    (no cloak)
rCorr   .          Rampage  .    h - +0 pair of gloves
Will    .....                    (no boots)
Stlth   ..........               (no amulet)
HPRegen 0.21/turn                (no ring)
MPRegen 0.10/turn                (no ring)

@: no status effects
A: horns 2, retaliatory headbutt, poison resistance
a: no special abilities


You were on level 5 of the Dungeon.
You visited 1 branch of the dungeon, and saw 5 of its levels.

You collected 270 gold pieces.

Inventory:

Hand Weapons
 a - a +1 war axe (weapon)
Armour
 b - a +0 scale mail (worn)
 c - a +0 buckler (worn)
 h - a +0 pair of gloves (worn)
Wands
 k - a wand of roots (11)
 q - a wand of flame (9)
 t - a wand of charming (10)
Scrolls
 f - a scroll of fog
 g - a scroll of acquirement {unknown}
 i - 2 scrolls of teleportation
 j - 4 scrolls of fear
 l - 2 scrolls of poison
 n - a scroll of brand weapon
 p - 2 scrolls of enchant armour
 s - a scroll of amnesia
Potions
 d - a potion of lignification
 e - a potion of attraction {unknown}
 m - a potion of heal wounds


   Skills:
 + Level 5.1 Fighting
 * Level 8.3 Axes
 + Level 6.5 Armour
 + Level 1.8 Dodging
 + Level 0.4 Stealth
 + Level 4.7 Shields


You had 7 spell levels left.
You didn't know any spells.
Your spell library contained the following spells:

 Spells                   Type           Power      Damage    Failure   Level
 Call Canine Familiar     Summ           0%         N/A       99%         3
 Portal Projectile        Hex/Tloc       0%         N/A       99%         3
 Leda's Liquefaction      Hex/Erth       0%         N/A       100%        4


Dungeon Overview and Level Annotations

Branches:
Dungeon (5/15)
 Temple: D:4-7

Altars:
Gozag
Kikubaaqudgha

Shops:
D:2 *   D:4 *


Innate Abilities, Weirdness & Mutations

You have a pair of horns on your head.
You reflexively headbutt those who attack you in melee.
Your system is resistant to poisons. (rPois)


Message History

You slash the yak! You headbutt the yak.
The yak is almost dead.
The yak gores you.
You hit the yak. Your headbutt misses the yak.
The yak is lightly wounded.
The yak gores you but does no damage.
You hit the yak but do no damage.
The yak is lightly wounded.
The yak barely misses you.
You slash the yak! You headbutt the yak.
The yak is heavily wounded.
The yak gores you!
You hit the yak. You headbutt the yak!
The yak is almost dead.
The yak barely misses you. You furiously retaliate!
You headbutt the yak. You closely miss the yak. Your headbutt misses the yak.
The yak is almost dead.
The yak gores you but does no damage.
You slash the yak!
You kill the yak!
Your Axes skill increases to level 8!
You have reached level 8!
You feel agile.
You barely miss the yak. You headbutt the yak!
The yak is moderately wounded.
The yak gores you!
* * * LOW HITPOINT WARNING * * *
You closely miss the yak.
The yak is moderately wounded.
The yak misses you. You block the yak's attack.
You hit the yak. You headbutt the yak, but do no damage.
The yak is moderately wounded.
You block the yak's attack.
You closely miss the yak. You headbutt the yak.
The yak is moderately wounded.
The yak gores you but does no damage.
You hit the yak. You headbutt the yak!
The yak is severely wounded.
The yak gores you!
You die...

...... #.## ...
....###..##
.........#....#
.....##.†#...#
.....#.......# ..
#..##......##
#.###...#....#.Y#
##.##........###Y#
#...........## #@#
....#.......# #.#
.........#### #..
.......### ###.
.......# ..
..#....# ..
..#....# ..#
..#....# .#
..>....#


You could see 2 yaks.

Vanquished Creatures
  2 yaks (D:5)
  The ghost of SensoryNuts the Chopper, an amateur DsFi (D:4)
  A water moccasin (D:5)
  A black bear (D:4)
  An ice beast (D:3)
  A phantom (D:5)
  A water moccasin skeleton (D:5)
  An iguana (D:5)
  An orc wizard (D:3)
  6 adders
  A white imp (D:5)
  An ufetubus (D:4)
  3 dart slugs
  4 orcs
  2 bats
  11 endoplasms
  2 giant cockroaches (D:2)
  6 goblins
  12 hobgoblins
  6 kobolds
  3 ball pythons (D:1)
  3 frilled lizards
  4 rats
74 creatures vanquished.

Notes
Turn   | Place    | Note
-------+----------+-------------------------------------------
     0 | D:1      | SensoryNuts the Minotaur Fighter began the quest for the
                  | Orb.
     0 | D:1      | Reached XP level 1. HP: 19/19 MP: 0/0
   265 | D:1      | Reached XP level 2. HP: 26/26 MP: 1/1
   694 | D:1      | Reached skill level 3 in Axes
   816 | D:1      | Reached XP level 3. HP: 31/31 MP: 2/2
  1187 | D:2      | Found Xebraisa's General Store.
  1416 | D:2      | Reached XP level 4. HP: 40/40 MP: 3/3
  1544 | D:2      | Found a faded altar of an unknown god.
  1644 | D:3      | Found an ancient bone altar of Kikubaaqudgha.
  1692 | D:3      | Reached skill level 4 in Axes
  2282 | D:3      | Reached XP level 5. HP: 46/46 MP: 4/4
  2369 | D:3      | Noticed an ice beast
  2380 | D:3      | Killed an ice beast
  2381 | D:3      | Reached skill level 5 in Axes
  2636 | D:3      | Gained mutation: Your system is resistant to poisons.
                  | (rPois) [potion of mutation]
  2706 | D:4      | Reached skill level 5 in Armour
  2813 | D:4      | Found an opulent altar of Gozag.
  2818 | D:4      | Found Gozag's Platinum Reserve.
  2932 | D:4      | Found a runed translucent door.
  2932 | D:4      | Noticed SensoryNuts's ghost (amateur DsFi)
  3136 | D:4      | Noticed a black bear
  3145 | D:4      | Killed a black bear
  3146 | D:4      | Reached skill level 6 in Axes
  3146 | D:4      | Reached skill level 1 in Dodging
  3146 | D:4      | Reached XP level 6. HP: 20/53 MP: 5/5
  3515 | D:4      | Killed SensoryNuts's ghost
  3577 | D:5      | Entered Level 5 of the Dungeon
  3639 | D:5      | Reached XP level 7. HP: 32/60 MP: 6/6
  3642 | D:5      | Reached skill level 7 in Axes
  3879 | D:5      | Noticed a yak
  3881 | D:5      | Noticed a yak
  3882 | D:5      | Noticed a yak
  3883 | D:5      | Noticed a yak
  3893 | D:5      | Killed a yak
  3894 | D:5      | Reached skill level 5 in Fighting
  3906 | D:5      | Killed a yak
  3907 | D:5      | Reached skill level 8 in Axes
  3907 | D:5      | Reached XP level 8. HP: 23/68 MP: 7/7
  3911 | D:5      | Slain by a yak

Illustrated notes

Levels and vault maps discovered:
D:1:      eino_arrival_druids_welcome, layout_loops_ring, grunt_decor_junction
D:2:      layout_basic, hellmonk_ecumenical_altar_prayer_group, serial_shops,
          nicolae_shop_competitors_out_of_business, minmay_3d_cube
D:3:      layout_basic, mainiacjoe_overflow_six_doors_small
D:4:      layout_rooms, nicolae_gozag_zags_fifth_avenue,
          hellmonk_ghost_happy_afterlife
D:5:      layout_cave_pools, general_overflow_altar, nicolae_uskayaw_dance_hall,
          serial_undead, serial_undead_b, serial_undead_a, serial_undead_e,
          serial_undead_a, serial_undead_b, serial_undead_f, serial_undead_d,
          st_stairs_1

Skill      XL: |  1  2  3  4  5  6  7 |
---------------+----------------------+-----
Armour         | 4 5 6 |  6.5
Axes           | 3 4 6 8 |  8.3
Shields        | 4 |  4.7
Fighting       | 4 5 |  5.1
Dodging        | 1 |  1.8
Stealth        | |  0.4

Action                   |  1- 3 |  4- 6 |  7- 9 || total
-------------------------+-------+-------+-------++-------
Melee: War axe           |    79 |    94 |    30 ||   203
       Headbutt          |    11 |    11 |    11 ||    33
  Use: Scroll            |       |    10 |       ||    10
       Potion            |       |     8 |     1 ||     9
Armor: Scale mail        |    36 |    50 |    10 ||    96
Dodge: Dodged            |    39 |    52 |    14 ||   105
Block: Buckler           |    12 |    29 |     9 ||    50

Table legend: (Time is in decaauts)
 A = Elapsed time spent in this place.
 B = Non-inter-level travel time spent in this place.
 C = Inter-level travel time spent in this place.
 D = Time resting spent in this place.
 E = Time spent auto-exploring this place.
 F = Levels seen in this place.
 G = Mean time per level.
                   A        B        C        D        E       F      G
               +--------+--------+--------+--------+--------+-----+--------+
         Total |   3954 |   3783 |    171 |     41 |   3131 |   5 |  790.8 |
       Dungeon |   3954 |   3783 |    171 |     41 |   3131 |   5 |  790.8 |
               +--------+--------+--------+--------+--------+-----+--------+

Top non-repeatable levels by time:
     D:3: 1079 daAuts
     D:1: 965 daAuts
     D:4: 871 daAuts
     D:2: 697 daAuts
     D:5: 340 daAuts
